 Dungeon Crawl Stone Soup version 0.30.0-29-ga12c61a403 (webtiles) character file.

Game seed: 2378255059884213471

79 Fodor the Covered (level 4, -1/40 HPs)
             Began as a Minotaur Fighter on June 12, 2023.
             Slain by an orc priest
             ... wielding a +0 mace
              (2 damage)
             ... on level 2 of the Dungeon.
             The game lasted 00:04:54 (936 turns).

Fodor the Covered (Minotaur Fighter)                 Turns: 936, Time: 00:04:54

Health: -1/40      AC:  7    Str: 20    XL:     4   Next: 17%
Magic:  3/3        EV:  9    Int:  5    God:
Gold:   55         SH:  5    Dex: 12    Spells: 3/3 levels left

rFire   . . .        a - +0 long sword
rCold   . . .        c - +0 buckler
rNeg    . . .        b - +0 scale mail
rPois   .            (helmet restricted)
rElec   .            (no cloak)
rCorr   .            (no gloves)
SInv    .            (no boots)
Will    .....        (no amulet) Stlth
                     (no ring)
HPRegen 0.26/turn    (no ring)
MPRegen 0.08/turn

%: no passive effects
@: no status effects
A: horns 2, retaliatory headbutt
a: no special abilities


You were on level 2 of the Dungeon.
You visited 1 branch of the dungeon, and saw 2 of its levels.

You collected 55 gold pieces.

Inventory:

Hand Weapons
 a - a +0 long sword (weapon)
 r - a +1 dagger of venom
Missiles
 f - 3 datura-tipped darts (quivered)
 h - 21 stones
Armour
 b - a +0 scale mail (worn)
 c - a +0 buckler (worn)
Jewellery
 i - a ring of poison resistance
Scrolls
 e - 2 scrolls of identify {unknown}
 g - a scroll of teleportation {unknown}
 j - 3 scrolls of enchant armour {unknown}
 l - 2 scrolls of fog {unknown}
 m - 2 scrolls of butterflies {unknown}
 o - a scroll of fear {unknown}
 q - 2 scrolls of enchant weapon {unknown}
Potions
 d - a potion of might
 k - a potion of cancellation {unknown}
 n - a potion of haste {unknown}
 p - a potion of brilliance {unknown}
 s - a potion of invisibility {unknown}


   Skills:
 + Level 4.1 Fighting
 + Level 3.6 Long Blades
 + Level 4.4 Armour
 + Level 0.7 Dodging
 + Level 4.2 Shields


You had 3 spell levels left.
You didn't know any spells.
Your spell library was empty.

Dungeon Overview and Level Annotations

Branches:
Dungeon (2/15)

Altars:


Innate Abilities, Weirdness & Mutations

You have a pair of horns on your head.
You reflexively headbutt those who attack you in melee.


Message History

You miss something. You closely miss the orc. The orc hits you with a +0 club.
You hear some strange, mumbled words.
Something tries to affect you, but you resist.
You closely miss the orc. Something hits you but does no damage.
The orc hits you but does no damage. Something hits you but does no damage.
The orc hits you but does no damage.
You slash the orc!
You kill the orc!
You block something's attack. Something hits you but does no damage.
Things that are here:
a +0 club; a +0 leather armour; an orc corpse Something hits you but does no damage.
You hear some strange, mumbled words.
A puff of flame appears from out of thin air!
The puff of flame hits you. The orc hits you but does no damage.
You hit the orc but do no damage.
The orc priest mumbles some strange prayers to Beogh against you.
Beogh smites you!
* * * LOW HITPOINT WARNING * * *
The orc hits you with a +0 falchion.
* * * LOW HITPOINT WARNING * * *
You hit the orc but do no damage. The orc hits you but does no damage.
Something completely misses you. The orc closely misses you.
You furiously retaliate!
You headbutt the orc!
You kill the orc!
The orc closely misses you. You furiously retaliate!
You headbutt the orc. You block the orc priest's attack.
You see here a +0 falchion.
You slash the orc priest! Your headbutt misses the orc priest.
The orc priest is heavily wounded.
The orc hits you but does no damage. The orc priest hits you with a +0 mace.
* * * LOW HITPOINT WARNING * * *
Something hits you but does no damage.
You hit the orc priest.
The orc priest is almost dead.
The orc priest hits you with a +0 mace.
You die...

#.# #...............#.####
#.#########...........
#####........###....##.###
...#..8...8..##.†###
.............#..#
#..........⌠#..####
#..........$#.....#
#..8..o8..##.###.#
#..)...@o###.###.#..
#.#########.........
#..........)####.#.#
###########.# #.# #.# #.#
#.# ..#


You could see an orc priest and an orc.

Vanquished Creatures
  Robin (D:2)
  2 adders (D:2)
  2 orcs (D:2)
  5 bats (D:1)
  4 endoplasms (D:1)
  3 giant cockroaches (D:1)
  13 goblins
  3 hobgoblins (D:2)
  2 kobolds
  3 quokkas
  2 frilled lizards (D:1)
  A rat (D:1)
41 creatures vanquished.

Notes
Turn   | Place    | Note
-------+----------+-------------------------------------------
     0 | D:1      | Fodor the Minotaur Fighter began the quest for the Orb.
     0 | D:1      | Reached XP level 1. HP: 19/19 MP: 0/0
    74 | D:1      | Reached XP level 2. HP: 24/27 MP: 1/1
   705 | D:2      | Reached XP level 3. HP: 33/33 MP: 2/2
   718 | D:2      | Noticed Robin
   733 | D:2      | Killed Robin
   899 | D:2      | Reached XP level 4. HP: 40/40 MP: 3/3
   935 | D:2      | HP: 1/40 [orc priest/+0 mace (5)]
   936 | D:2      | Slain by an orc priest

Illustrated notes

Levels and vault maps discovered:
D:1:      spicycebolla_arrival_risky_transporter, layout_basic,
          amcnicky_mini_corridor_feature
D:2:      cheibrodos_pilgrimage, layout_loops_ring, minmay_liquid_box,
          uniq_robin

Skill      XL: |  1  2  3 |
---------------+----------+-----
Shields        | 4 |  4.2
Long Blades    | 3 |  3.6
Armour         | 4 |  4.4
Fighting       | 4 |  4.1
Dodging        | |  0.7

Action                     |  1- 3 |  4- 6 || total
---------------------------+-------+-------++-------
  Melee: Long sword        |    83 |    13 ||    96
         Headbutt          |    11 |       ||    11
 Armour: Scale mail        |    66 |    13 ||    79
  Dodge: Dodged            |    45 |     5 ||    50
  Block: Buckler           |    24 |     2 ||    26
